 Dungeon Crawl Stone Soup version 0.29-a0-340-g6efceafd81 (webtiles) character file.

Game seed: 12002895986290069921

15479 serber55 the Geomancer (level 12, -3/83 HPs)
             Began as an Octopode Earth Elementalist on Apr 19, 2022.
             Was a Priest of Vehumet.
             Slain by a merfolk
             ... wielding a +0 trident
              (16 damage)
             ... on level 2 of the Lair of Beasts.
             The game lasted 01:03:56 (15817 turns).

serber55 the Geomancer (OpEE)                      Turns: 15817, Time: 01:03:57

Health: -3/83      AC:  2    Str: 10    XL:     12   Next: 27%
Magic:  3/23       EV: 16    Int: 19    God:    Vehumet [***...]
Gold:   714        SH:  0    Dex: 19    Spells: 6/26 levels left

rFire   + . .      SeeInvis +   D - +11 short sword of the Ghost {holy, rF+ rC+ Will+ SInv}
rCold   + . .      Faith    +   e - orb {light}
rNeg    . . .      Spirit   .   y - +1 hat
rPois   .          Reflect  .   q - amulet of faith
rElec   .          Harm     .   G - +6 ring of dexterity
rCorr   .          Rampage  .   (no ring)
Will    +....                   (no ring)
Stlth   +++.......              (no ring)
HPRegen 0.23/turn               (no ring)
MPRegen 0.18/turn               (no ring)
                                (no ring)
                                (no ring)

@: glowing
A: almost no armour, amphibious, 8 rings, camouflage 1, gelatinous body 1,
nimble swimmer 1, tentacles
a: Renounce Religion


You were on level 2 of the Lair of Beasts.
You worshipped Vehumet.
Vehumet was most pleased with you.
You visited 3 branches of the dungeon, and saw 14 of its levels.
You also visited: Bailey.

You collected 714 gold pieces.

Inventory:

Hand Weapons
 D - the +11 short sword of the Ghost (weapon) {holy, rF+ rC+ Will+ SInv}
   (You took it off a deep elf zephyrmancer in a bailey)

   It has been blessed by the Shining One to cause great damage to the undead
   and demons.
   rF:        It protects you from fire.
   rC:        It protects you from cold.
   SInv:      It lets you see invisible.
   Will:      It increases your willpower.
Missiles
 a - 191 stones
 x - 12 poisoned darts (quivered)
Armour
 e - an orb of light (worn)
 p - a +0 buckler
 y - a +1 hat (worn)
Magical Staves
 d - a staff of earth
Jewellery
 o - an amulet of the acrobat
 q - an amulet of faith (around mantle)
 z - a ring of flight
 G - a +6 ring of dexterity (left tentacle)
Wands
 k - a wand of paralysis (16)
 m - a wand of flame (40)
 B - a wand of polymorph (10)
Scrolls
 c - a scroll of amnesia
 f - 3 scrolls of enchant weapon
 i - 3 scrolls of immolation
 r - a scroll of enchant armour
 s - 5 scrolls of magic mapping
 u - a scroll of torment
 I - a scroll of fog
 K - 2 scrolls of holy word
Potions
 b - 6 potions of magic
 g - 3 potions of resistance
 h - 4 potions of flight
 j - a potion of cancellation
 l - 2 potions of haste
 v - 2 potions of might
 w - 3 potions of curing
 A - 3 potions of mutation
 E - 2 potions of invisibility
 F - a potion of attraction {unknown}
 J - a potion of ambrosia {unknown}
Miscellaneous
 t - a box of beasts (inert)


   Skills:
 + Level 8.2 Fighting
 + Level 6.0 Dodging
 - Level 6.4 Stealth
 + Level 7.9 Spellcasting
 + Level 8.1 Conjurations
 - Level 1.4 Transmutations
 * Level 6.3 Fire Magic
 - Level 10.3 Earth Magic


You had 6 spell levels left.
You knew the following spells:

 Your Spells              Type           Power      Damage    Failure   Level
a - Sandblast             Erth           92%        2d19      1%          1
b - Passwall              Tmut/Erth      24%        N/A       1%          2
c - Stone Arrow           Conj/Erth      84%        3d12      1%          3
d - Petrify               Tmut/Erth      29%        N/A       9%          4
e - Foxfire               Conj/Fire      100%       2x1d9     1%          1
f - Fireball              Conj/Fire      17%        3d9       3%          5
g - Flame Wave            Conj/Fire      34%        2d8       1%          4

Your spell library contained the following spells:

 Spells                   Type           Power      Damage    Failure   Level
 Magic Dart               Conj           100%       1d8       1%          1
 Searing Ray              Conj           76%        2d7       1%          2
 Fulminant Prism          Conj/Hex       11%        3d9       4%          4
 Ensorcelled Hibernation  Hex/Ice        14%        N/A       14%         2
 Starburst                Conj/Fire      17%        6d6       19%         6
 Spider Form              Tmut/Pois      10%        N/A       21%         3
 Anguish                  Hex/Necr       3%         N/A       67%         4
 Ignition                 Fire           15%        3d6       100%        8


Dungeon Overview and Level Annotations

Branches:
Dungeon (11/15)            Temple (1/1) D:6            Lair (2/6) D:10
 Bailey (visited)
  Swamp: Lair:2-4    Shoals: Lair:2-4     Snake: Lair:2-4    Spider: Lair:2-4
    Orc: D:9-12

Altars:
Ashenzari
Cheibriados
Dithmenos
Gozag
Kikubaaqudgha
Makhleb
Okawaru
Qazlal
Sif Muna
Vehumet
Wu Jian
Xom
Yredelemnul
Zin
The Shining One

Shops:
D:4 [

Annotations:
D:7 zishaf's ghost, novice VSBr


Innate Abilities, Weirdness & Mutations

You cannot wear most types of armour.
You are amphibious.
You can wear up to eight rings at the same time.
Your skin changes colour to match your surroundings (Stealth+).
Your rubbery body absorbs attacks. (AC +1, EV +1)
You are camouflaged when in or above water. (Stealth+)
You have tentacles for arms and can constrict up to eight enemies at once.


Message History

The water moccasin attacks as you move away!
The water moccasin bites you!
* * * LOW HITPOINT WARNING * * *
The boulder beetle attacks as you move away!
The boulder beetle closely misses you.
The boulder beetle bites your larval fireox beast!
The water moccasin closely misses you.
Your larval fireox beast hits the boulder beetle but does no damage.
Your larval fireox beast tramples the boulder beetle but does no damage.
Okay, then.
You feel much better. The water moccasin misses you.
The boulder beetle curls into a ball and begins rolling!
Your larval fireox beast breathes flames at the boulder beetle.
The blast of flame hits the boulder beetle but does no damage.
As you read the scroll of teleportation, it crumbles to dust.
You feel strangely unstable. The water moccasin bites you!
The boulder beetle hits your larval fireox beast!!!
Your larval fireox beast dies!
Your larval fireox beast's corpse disappears in a puff of smoke!
The boulder beetle stops rolling and uncurls.
Unknown command.
The water moccasin bites you.
You are poisoned.
The water moccasin poisons you!
You feel very sick.
The komodo dragon attacks as you move away!
The komodo dragon closely misses you.
You feel sick. The water moccasin bites you.
* * * LOW HITPOINT WARNING * * *
The komodo dragon attacks as you move away!
The komodo dragon barely misses you.
Your surroundings suddenly seem different.
Floosh!
A merfolk comes into view. It is wielding a +0 trident.
You feel sick.
The merfolk shouts!
The merfolk hits you with a +0 trident!
* * * LOW HITPOINT WARNING * * *
You feel better. The merfolk hits you with a +0 trident!
You die...

#####
#≈≈≈#
#≈m≈#
#@≈≈#
+###≈#


You could see a merfolk.

Vanquished Creatures
  Gastronok (D:8)
  A hydra (D:8)
  Erica (D:8)
  A two-headed ogre (D:10)
  A deep elf zephyrmancer (Bailey)
  An orc knight (Bailey)
  4 black mambas
  3 komodo dragons
  A kobold demonologist (D:10)
  2 hornets
  A polar bear (Lair:1)
  3 blink frogs (Lair:1)
  The ghost of AlmostDecent the Bolt Thrower, an amateur FoHu of Okawaru (D:4)
  A dream sheep (Lair:2)
  A spriggan (Lair:2)
  7 yaks (D:9)
  Eustachio (D:4)
  3 vampire mosquitoes (D:10)
  2 acid dragons
  8 water moccasins
  2 sky beasts
  An ice beast (D:6)
  8 orc warriors
  4 black bears
  6 wolves
  A centaur (D:9)
  A kobold brigand (D:7)
  2 necrophages
  4 bullfrogs
  4 scorpions
  26 killer bees (D:9)
  3 howler monkeys (D:9)
  2 quasits (D:7)
  A jelly (D:5)
  7 orc priests
  5 hounds
  Crazy Yiuf (D:4)
  2 gnoll shamans
  An iguana (D:5)
  15 orc wizards
  9 adders
  17 gnolls
  3 white imps (D:5)
  3 worms
  2 dart slugs
  36 orcs
  6 bats
  6 endoplasms
  2 giant cockroaches (D:4)
  11 goblins
  5 hobgoblins
  2 jackals (D:1)
  4 quokkas
  8 ball pythons
  3 frilled lizards
  15 kobolds
  2 rats
  A bush (Lair:2)
275 creatures vanquished.

Vanquished Creatures (others)
  2 foxfires (D:7)
  49 fungi
  44 plants
95 creatures vanquished.

Grand Total: 370 creatures vanquished

Notes
Turn   | Place    | Note
-------+----------+-------------------------------------------
     0 | D:1      | serber55 the Octopode Earth Elementalist began the quest
                  | for the Orb.
     0 | D:1      | Reached XP level 1. HP: 11/11 MP: 3/3
   361 | D:1      | Reached XP level 2. HP: 14/18 MP: 1/5
   838 | D:1      | Reached XP level 3. HP: 22/22 MP: 3/6
   846 | D:1      | Learned a level 2 spell: Passwall
   850 | D:1      | Learned a level 3 spell: Stone Arrow
   994 | D:2      | Found a faded altar of an unknown god.
  1045 | D:2      | Reached skill level 1 in Fighting
  1514 | D:2      | Reached XP level 4. HP: 28/28 MP: 5/7
  2282 | D:3      | Identified a scroll of acquirement
  2282 | D:3      | Acquired a staff of earth
  2384 | D:3      | Reached skill level 1 in Conjurations
  3192 | D:4      | Reached skill level 4 in Earth Magic
  3192 | D:4      | Reached XP level 5. HP: 34/34 MP: 5/8
  3314 | D:4      | Noticed Eustachio
  3439 | D:4      | You fall into a shaft and drop 1 floor!
  3439 | D:5      | Entered Level 5 of the Dungeon
  3469 | D:5      | Reached XP level 6. HP: 26/39 MP: 5/10
  3470 | D:5      | Noticed a black bear
  3496 | D:5      | Killed a black bear
  3588 | D:4      | Found a runed translucent door.
  3590 | D:4      | Noticed AlmostDecent's ghost (amateur FoHu)
  3615 | D:4      | Noticed a black bear
  3623 | D:4      | Killed a black bear
  3624 | D:4      | Reached skill level 5 in Earth Magic
  3624 | D:4      | Reached XP level 7. HP: 45/45 MP: 7/11
  3663 | D:4      | Found a runed translucent door.
  3708 | D:4      | Reached skill level 5 in Stealth
  3839 | D:4      | Found Mirimn's Antique Armour Shop.
  3987 | D:4      | Killed Eustachio
  4034 | D:4      | Found a runed translucent door.
  4035 | D:4      | Noticed Crazy Yiuf
  4039 | D:4      | Killed Crazy Yiuf
  4456 | D:4      | Killed AlmostDecent's ghost
  4457 | D:4      | Reached skill level 6 in Earth Magic
  4457 | D:4      | Reached XP level 8. HP: 52/52 MP: 0/13
  5155 | D:5      | Learned a level 4 spell: Petrify
  5892 | D:6      | Reached skill level 7 in Earth Magic
  6240 | D:6      | Reached XP level 9. HP: 59/59 MP: 5/15
  6748 | D:6      | Found a staircase to the Ecumenical Temple.
  6757 | Temple   | Entered the Ecumenical Temple
  6762 | Temple   | Became a worshipper of Vehumet
  7056 | D:7      | Noticed zishaf's ghost (novice VSBr)
  7176 | D:7      | Found a transporter.
  7190 | D:7      | Found a transporter.
  7213 | D:7      | Found a flagged portal.
  7240 | Bailey   | Entered a bailey
  7334 | Bailey   | Reached skill level 5 in Spellcasting
  7395 | Bailey   | Reached skill level 5 in Fighting
  7396 | Bailey   | Reached skill level 8 in Earth Magic
  7485 | Bailey   | Reached skill level 5 in Conjurations
  7589 | Bailey   | Found a large runed translucent door.
  7589 | Bailey   | Found a large runed translucent door.
  7590 | Bailey   | Noticed an orc knight
  7590 | Bailey   | Noticed a deep elf zephyrmancer
  7637 | Bailey   | Killed an orc knight
  7710 | Bailey   | Reached * piety under Vehumet
  7710 | Bailey   | Offered knowledge of Foxfire by Vehumet.
  7713 | Bailey   | Learned a level 1 spell: Foxfire
  7794 | Bailey   | Identified the +11 short sword of the Ghost {holy, rF+ rC+
                  | Will+ SInv}
  7823 | Bailey   | Killed a deep elf zephyrmancer
  7824 | Bailey   | Reached skill level 9 in Earth Magic
  7824 | Bailey   | Reached XP level 10. HP: 68/68 MP: 11/18
  7835 | Bailey   | Identified the +0 chain mail of the Carpenter {Rampage
                  | Regen+ Str-5}
  9180 | D:8      | Noticed Erica
  9190 | D:8      | Killed Erica
  9905 | D:8      | Noticed a six-headed hydra
  9912 | D:8      | Killed a six-headed hydra
 10227 | D:8      | Noticed Gastronok
 10252 | D:8      | Killed Gastronok
 10253 | D:8      | Reached skill level 10 in Earth Magic
 10253 | D:8      | Reached XP level 11. HP: 50/74 MP: 4/21
 10267 | D:8      | Learned a level 5 spell: Fireball
 10513 | D:9      | Reached skill level 1 in Fire Magic
 10688 | D:9      | Offered knowledge of Magic Dart by Vehumet.
 10690 | D:9      | Reached ** piety under Vehumet
 11363 | D:9      | Found an opulent altar of Gozag.
 11595 | D:9      | Offered knowledge of Ignite Poison by Vehumet.
 11770 | D:9      | Reached *** piety under Vehumet
 12729 | D:10     | Entered Level 10 of the Dungeon
 13070 | D:10     | Noticed a two-headed ogre
 13074 | D:10     | Killed a two-headed ogre
 13075 | D:10     | Reached skill level 5 in Dodging
 13238 | D:10     | Found a staircase to the Lair.
 13503 | D:10     | Offered knowledge of Flame Wave by Vehumet.
 13623 | D:10     | Learned a level 4 spell: Flame Wave
 13807 | Lair:1   | Entered Level 1 of the Lair of Beasts
 14154 | Lair:1   | Reached skill level 5 in Fire Magic
 14312 | Lair:1   | Reached XP level 12. HP: 82/82 MP: 16/23
 15800 | Lair:2   | Noticed a boulder beetle
 15817 | Lair:2   | Slain by a merfolk

Illustrated notes

Levels and vault maps discovered:
D:1:      amcnicky_arrival_double_pillar, layout_basic
D:2:      layout_loops_cross, nicolae_ecumenical_oubliette
D:3:      layout_basic
D:4:      layout_cave_pools, serial_shops, shop, ebering_ghost_sewer_f,
          uniq_eustachio, uniq_crazy_yiuf_cottage
D:5:      layout_loops_ring, minivault_14
D:6:      layout_basic, minmay_temple_entry_poolview, interstate_on_off
D:7:      layout_cave_pods, gammafunk_ghost_stat_death, enter_bailey_5
D:8:      layout_cave_pools, uniq_erica, uniq_gastronok
D:9:      layout_stronghold, grunt_gozag_statues
D:10:     layout_roguey, due_lair_maze_entry_diamond
D:11:     layout_small_grid, roderic_lattice_a, minmay_joined_circles,
          uniq_nergalle, uniq_psyche, uniq_harold
Temple:   dpeg_three_leaves_temple
Lair:1:   layout_cave_pods
Lair:2:   layout_misc_corridors, elwin_shoals_entry_rooms,
          gammafunk_ghost_hydra_chop, grunt_forest_large_clearing_hut,
          serial_bayou_shore_b

Skill      XL: |  1  2  3  4  5  6  7  8  9 10 11 12 |
---------------+-------------------------------------+-----
Stealth        | 3 4 5 6 |  6.4
Fighting       | 1 2 3 4 5 6 7 8 |  8.2
Conjurations   | 1 2 3 4 5 6 7 8 |  8.1
Earth Magic    | 4 5 6 7 9 10 | 10.3
Spellcasting   | 3 4 5 6 7 |  7.9
Dodging        | 3 5 6 |  6.0
Fire Magic     | 5 6 |  6.3
Transmutations | |  1.4

Action                   |  1- 3 |  4- 6 |  7- 9 | 10-12 || total
-------------------------+-------+-------+-------+-------++-------
Melee: Short sword       |    50 |     9 |       |    62 ||   121
       Constrict         |    14 |    13 |    15 |    11 ||    53
       Tentacles         |    12 |    13 |    10 |    19 ||    54
       Punch             |     1 |       |       |     2 ||     3
       Staff             |       |    30 |    46 |       ||    76
Throw: Dart              |       |       |     6 |       ||     6
 Cast: Sandblast         |    12 |    20 |    92 |    90 ||   214
       Stone Arrow       |       |     1 |    41 |   123 ||   165
       Passwall          |       |     1 |       |       ||     1
       Petrify           |       |       |       |     6 ||     6
       Foxfire           |       |       |       |     1 ||     1
       Fireball          |       |       |       |    16 ||    16
       Flame Wave        |       |       |       |     1 ||     1
Evoke: Wand              |       |     4 |    11 |     4 ||    19
       Box of beasts     |       |       |       |     1 ||     1
  Use: Scroll            |       |    14 |     4 |    16 ||    34
       Potion            |       |       |     3 |     9 ||    12
 Stab: Sleeping          |     2 |     3 |     1 |     1 ||     7
       Paralysed         |       |       |     2 |       ||     2
       Petrified         |       |       |       |    10 ||    10
Armor: Skin              |     4 |     4 |       |    15 ||    23
Dodge: Dodged            |    36 |    67 |    46 |   180 ||   329

Table legend: (Time is in decaauts)
 A = Elapsed time spent in this place.
 B = Non-inter-level travel time spent in this place.
 C = Inter-level travel time spent in this place.
 D = Time resting spent in this place.
 E = Time spent auto-exploring this place.
 F = Levels seen in this place.
 G = Mean time per level.
                   A        B        C        D        E       F      G
               +--------+--------+--------+--------+--------+-----+--------+
         Total |  15831 |  15364 |    467 |   4881 |   8136 |  15 | 1055.4 |
       Dungeon |  13139 |  12688 |    451 |   3636 |   7131 |  11 | 1194.5 |
        Temple |      8 |      8 |      0 |      0 |      0 |   1 |    8.0 |
          Lair |   2018 |   2002 |     16 |    884 |    948 |   2 | 1009.0 |
        Bailey |    664 |    664 |      0 |    361 |     57 |   1 |  664.0 |
               +--------+--------+--------+--------+--------+-----+--------+

Top non-repeatable levels by time:
     D:9: 2112 daAuts
     D:7: 1555 daAuts
  Lair:1: 1400 daAuts
     D:5: 1385 daAuts
     D:6: 1324 daAuts
     D:3: 1287 daAuts
     D:8: 1234 daAuts
     D:4: 1216 daAuts
    D:10: 1079 daAuts
     D:1: 1030 daAuts
     D:2: 912 daAuts
  Bailey: 664 daAuts
  Lair:2: 617 daAuts
  Temple: 8 daAuts
    D:11: 1 daAuts
